Map: 벨시르 잔재 (공허)

Players

jjakji - Winner!

  • Race: Terran Terran
  • Spawn Location: 5:00

aLive

  • Race: Terran Terran
  • Spawn Location: 11:00

Event: IEM XI Katowice - World Championship 2017

VOD

Have the link to the VOD?

Description

Time

  • Played on: March 2, 2017, 12:52 a.m.
  • Length: 5:47

All games in this series

Show
View Real Time Build Order
Export as new Build Order

jjakji Terran - Winner!

Build Orders: Reaper Expand 

Get SALT Encoding   

  12  0:00  SCV  
  13  0:12  SCV  
  14  0:16  Supply Depot  
  14  0:24  SCV  
  14  0:27  Refinery  
  15  0:38  SCV  
  16  0:44  Barracks  
  16  0:50  SCV  
  17  1:02  SCV  
  18  1:14  SCV  
  19  1:30  Orbital Command  
  19  1:31  Reaper  
  20  1:42  Command Center  
  20  1:55  Factory  
  20  1:57  SCV  
  21  2:06  Barracks Reactor  
  21  2:07  Supply Depot  
  21  2:11  SCV  
  22  2:16  Refinery  
  22  2:23  SCV  
  23  2:35  SCV  
  23  2:40  Hellion  
  23  2:43  Marine x2  
  25  2:52  SCV  
  25  2:55  Starport  
  25  3:01  Marine x2  
  25  3:04  SCV  
  27  3:13  Cyclone  
  27  3:18  SCV  
  31  3:28  Orbital Command  
  31  3:33  Marine x2  
  33  3:39  Medivac  
  35  3:48  Cyclone  
  35  3:54  SCV  
  39  3:55  SCV  
  39  3:56  Marine  
  39  3:58  Marine  
  42  4:04  Supply Depot  
  42  4:09  Medivac  
  44  4:14  Marine  
  44  4:16  Marine  
  44  4:26  Cyclone  
  46  4:34  Supply Depot  
  46  4:35  Supply Depot  
  46  4:38  SCV x2  
  48  4:42  Marine  
  49  4:50  SCV x2  
  51  4:54  Marine  
  51  5:00  Marine  
  51  5:02  SCV x2  
  51  5:03  Cyclone  
  57  5:07  Viking  
  59  5:14  SCV x2  
  59  5:20  Marine x2  
  63  5:27  SCV x2  
Show
View Real Time Build Order
Export as new Build Order

aLive Terran 

Build Orders: Reaper Expand 

Get SALT Encoding   

  12  0:00  SCV  
  13  0:12  SCV  
  14  0:17  Supply Depot  
  14  0:25  SCV  
  15  0:29  Refinery  
  15  0:38  SCV  
  16  0:44  Barracks  
  16  0:50  SCV  
  17  1:02  SCV  
  18  1:15  SCV  
  19  1:30  Orbital Command  
  19  1:31  Reaper  
  20  1:41  Command Center  
  20  1:54  Factory  
  20  1:57  SCV  
  21  2:05  Refinery  
  21  2:06  Barracks Reactor  
  21  2:09  SCV  
  21  2:14  Supply Depot  
  22  2:21  SCV  
  23  2:34  SCV  
  23  2:40  Hellion  
  23  2:42  Starport  
  25  2:46  SCV  
  25  2:48  Marine  
  26  2:51  Marine  
  24  2:58  SCV  
  25  3:10  SCV  
  25  3:16  Widow Mine  
  25  3:17  Marine x2  
  25  3:18  Medivac  
  31  3:25  SCV  
  31  3:26  Orbital Command  
  32  3:34  Marine  
  32  3:35  Marine  
  32  3:38  SCV  
  35  3:45  Cyclone  
  38  3:53  SCV x2  
  40  3:55  Marine  
  40  3:56  Marine  
  40  4:02  Viking  
  44  4:08  Supply Depot  
  44  4:09  SCV x2  
  46  4:22  SCV  
  46  4:25  SCV  
  46  4:26  Factory Tech Lab  
  45  4:32  Supply Depot  
  45  4:34  Starport Tech Lab  
  45  4:35  SCV  
  45  4:37  SCV  
  47  4:40  Marine x2  
  49  4:47  SCV  
  49  4:50  SCV  
  51  4:58  Barracks  
  51  4:59  SCV, Barracks  
  52  5:00  Siege Tank  
  52  5:02  SCV  
  58  5:07  Marine x2  
  58  5:11  SCV  
  58  5:14  SCV  
  60  5:15  Supply Depot  
  60  5:17  Supply Depot  
  60  5:23  SCV  
  60  5:26  SCV  
  62  5:29  Engineering Bay  

Tags
 
Add a new tag
Caveats
  • Supply blocks, unpowered buildings, or Contaminate may cause inaccurate times.
  • Supply counts are checked every 10 seconds.